AoeStats
← JAEC

Arena

510328115Analyzed
3v3 RM · 3d ago on Sep 30, 2026· 61m 59s· 6 players
Game mode
Random Map
Map size
Normal (6 player)
Population
200
Speed
Normal
Resources
Standard
Victory
Conquest
Starting age
Dark Age
Ending age
Imperial Age
RankedLock teamsTeams togetherTeam positionsShared explorationLock speedFull tech treeHidden civsTurbo modeCheats
Victory
Defeat
🇻🇪 Britons · Venezuela
846
+13
🇸🇪 Teutons · Sweden
817
+14
🇻🇪 Mongols · Venezuela
804
+15
🇮🇳 Chinese · India
819
-16
🇮🇳 Celts · India
814
-15
🇮🇳 Cumans · India
711
-12
.::Kleptomaniac::.
12:37 Feudal Age
12:45 Loom
16:29 Castle Age
14:06 Man-at-Arms
15:15 Horse Collar
15:25 Double-Bit Axe
16:21 Arson
17:04 Long Swordsman
18:53 Wheelbarrow
18:23 Scale Mail Armor
21:34 Gambesons
24:49 Pikeman
29:01 Elite Skirmisher
30:07 Chain Mail Armor
30:03 Forging
30:31 Bow Saw
31:38 Stone Mining
31:38 Gold Mining
31:53 Padded Archer Armor
33:00 Heavy Plow
35:02 Hand Cart
34:42 Town Watch
38:07 Imperial Age
38:10 Ballistics
37:47 Murder Holes
37:58 Husbandry
38:29 Scale Barding Armor
38:40 Leather Archer Armor
38:15 Fletching
39:05 Iron Casting
39:02 Cavalier
39:47 Heavy Scorpion
43:08 Chain Barding Armor
45:16 Paladin
47:46 Chemistry
47:12 Halberdier
48:34 Conscription
50:55 Light Cavalry
54:27 Light Cavalry
shishirnath
13:34 Feudal Age
18:12 Castle Age
16:06 Double-Bit Axe
16:05 Horse Collar
17:38 Scale Barding Armor
19:47 Bow Saw
21:12 Gold Mining
21:13 Stone Mining
29:28 Heavy Plow
33:32 Imperial Age
31:33 Forging
32:29 Gold Shaft Mining
32:32 Wheelbarrow
33:42 Iron Casting
33:28 Chain Barding Armor
34:10 Capped Ram
36:01 Great Wall
36:24 Cavalier
37:17 Bloodlines
37:07 Husbandry
47:20 Heavy Rocket Cart
morphocosta24
11:57 Feudal Age
17:33 Castle Age
21:44 Capped Ram
33:24 Horse Collar
34:34 Scale Barding Armor
35:42 Double-Bit Axe
38:38 Bloodlines
40:21 Pikeman
41:01 Squires
44:14 Elite Skirmisher
44:59 Thumb Ring
45:14 Fletching
48:31 Chain Barding Armor
GABR1EL
11:21 Feudal Age
11:55 Double-Bit Axe
11:57 Horse Collar
12:09 Gold Mining
12:38 Stone Mining
14:02 Wheelbarrow
19:04 Castle Age
17:11 Fletching
18:01 Scale Mail Armor
18:39 Forging
18:24 Man-at-Arms
20:13 Heavy Plow
21:13 Bow Saw
21:20 Padded Archer Armor
24:15 Scale Barding Armor
26:50 Long Swordsman
27:16 Gambesons
30:16 Fortified Wall
30:24 Pikeman
31:05 Squires
32:00 Hand Cart
31:33 Loom
31:33 Town Watch
32:35 Bloodlines
33:21 Bodkin Arrow
34:04 Iron Casting
39:08 Imperial Age
37:20 Guard Tower
37:49 Arson
38:42 Chain Mail Armor
38:49 Chain Barding Armor
39:33 Ballistics
39:26 Masonry
41:15 Chemistry
40:01 Arrowslits
41:14 Cavalier
41:17 Halberdier
41:18 Two-Handed Swordsman
43:36 Ironclad
44:32 Stone Shaft Mining
45:07 Two-Man Saw
44:54 Crenellations
44:55 Conscription
44:43 Heavy Scorpion
46:36 Elite Teutonic Knight
47:51 Hoardings
47:30 Paladin
48:49 Plate Barding Armor
48:45 Plate Mail Armor
49:15 Blast Furnace
54:18 Leather Archer Armor
54:12 Siege Engineers
54:43 Keep
54:46 Caravan
55:01 Guilds
59:56 Spies/Treason
62:39 Two-Man Saw
62:13 Crop Rotation
62:17 Ring Archer Armor
JAEC
13:17 Feudal Age
13:59 Loom
15:32 Wheelbarrow
14:43 Double-Bit Axe
19:08 Castle Age
17:01 Horse Collar
20:21 Hand Cart
21:00 Stone Mining
21:25 Bow Saw
25:15 Town Watch
27:21 Town Patrol
27:12 Treadmill Crane
31:18 Imperial Age
28:55 Gold Mining
31:00 Gold Shaft Mining
32:46 Fervor
32:45 Pikeman
33:26 Squires
33:42 Elite Longbowman
34:44 Conscription
36:25 Two-Man Saw
35:27 Heavy Plow
35:58 Fletching
37:15 Bodkin Arrow
37:21 Padded Archer Armor
37:51 Yeomen
37:32 Warwolf
39:16 Halberdier
39:41 Arson
39:58 Bracer
40:14 Leather Archer Armor
40:30 Ballistics
40:22 Fortified Wall
41:13 Crossbowman
44:13 Chemistry
43:04 Heated Shot
43:27 Masonry
43:29 Siege Engineers
43:26 Crossbowman
44:40 Ring Archer Armor
44:20 Forging
44:11 Scale Mail Armor
51:59 Iron Casting
51:39 Chain Mail Armor
52:00 Iron Casting
51:40 Chain Mail Armor
rtxron99ti
4:27 Loom
11:28 Feudal Age
15:32 Castle Age
13:27 Double-Bit Axe
13:25 Horse Collar
13:39 Stone Mining
22:26 Man-at-Arms
24:16 Long Swordsman
26:00 Husbandry
28:13 Bloodlines
28:11 Heavy Plow
28:49 Wheelbarrow
28:06 Gold Mining
28:38 Bow Saw
30:17 Hand Cart
31:51 Gold Shaft Mining
31:56 Stone Shaft Mining
31:10 Loom
31:39 Squires
33:35 Scale Barding Armor
33:40 Forging
33:21 Fletching
33:31 Padded Archer Armor
35:01 Chain Barding Armor
34:14 Light Cavalry
35:47 Iron Casting
38:14 Bodkin Arrow
38:35 Leather Archer Armor
41:28 Imperial Age
40:37 Ballistics
41:21 Thumb Ring
41:44 Elite Mangudai
42:47 Drill
42:59 Hussar
43:42 Bracer
44:42 Blast Furnace
45:01 Onager
46:33 Siege Onager
48:47 Chemistry
59:39 Spies/Treason
61:14 Fortified Wall
61:24 Nomads
Connection lost

Rejoining the realm…

Still unreachable

The connection could not be restored.

Session expired

The server has moved on; the page needs a fresh start.